 Dungeon Crawl Stone Soup version 0.20-a0-19-gd4fea00 (webtiles) character file.

714 FrankyJ the Magician (level 7, -1/47 HPs)
             Began as a Vampire Necromancer on Nov 5, 2016.
             Slain by a wraith (10 damage)
             ... in an ossuary on Nov 6, 2016.
             The game lasted 00:19:23 (7262 turns).

FrankyJ the Magician (Vampire Necromancer)          Turns: 7262, Time: 00:19:23

Health: -1/47      AC:  4    Str:  9    XL:     7   Next: 41%
Magic:  16/16      EV: 15    Int: 22    God:
Gold:   318        SH:  0    Dex: 17    Spells: 3 memorised, 10 levels left

rFire  . . .     SeeInvis +     f - +0 short sword
rCold  + . .     Gourm    .     a - +0 robe
rNeg   + + .     Faith    .     (no shield)
rPois  +         Spirit   .     (no helmet)
rElec  .         Reflect  .     l - +1 cloak
rCorr  .         Harm     .     (no gloves)
MR     .....                    (no boots)
Stlth  ++++......               (no amulet)
                                p - +5 ring of intelligence
                                r - +2 ring of strength

@: regenerating slowly
A: fangs 3, see invisible, unbreathing
a: Bat Form


You were in an ossuary.
You were thirsty.

You visited 1 branch of the dungeon, and saw 6 of its levels.
You also visited: Ossuary.

You collected 318 gold pieces.

Inventory:

Hand Weapons
 f - a +0 short sword (weapon)
Missiles
 d - 6 javelins (quivered)
 i - 11 poisoned needles
 v - 6 tomahawks
Armour
 a - a +0 robe (worn)
 l - a +1 cloak (worn)
 x - the +1 leather armour "Xollyrhi" {rElec rN+++ MP-9 Stlth-}
   (You found it on level 4 of the Dungeon)

   It insulates you from electricity.
   It renders you almost immune to negative energy.
   It affects your magic capacity (-9).
   It makes you less stealthy.
Jewellery
 g - a +4 ring of dexterity {unknown}
 j - a cursed ring of loudness {unknown}
 n - an uncursed ring of protection from magic
 p - a +5 ring of intelligence (right hand)
 r - a +2 ring of strength (left hand)
 D - a cursed amulet of inaccuracy {unknown}
Wands
 w - a wand of iceblast (8/15)
 A - a wand of paralysis (14/24)
 E - a wand of iceblast (8/15)
 F - a wand of heal wounds (3/9)
Scrolls
 k - 2 scrolls of remove curse {unknown}
 m - 2 scrolls of enchant weapon {unknown}
 t - 3 scrolls of identify
 u - 2 scrolls of blinking {unknown}
 C - a scroll of immolation {unknown}
Potions
 c - a potion of blood
 e - 2 potions of agility
 h - 2 potions of mutation {unknown}
 o - a potion of berserk rage {unknown}
 q - a potion of lignification
 s - 2 potions of curing
 z - a potion of haste {unknown}
 B - 2 potions of might {unknown}
Books
 b - a book of Necromancy

   Spells                             Type                      Level
   a - Pain                           Necromancy                   1
   b - Animate Skeleton               Necromancy                   1
   c - Vampiric Draining              Necromancy                   3
   d - Regeneration                   Charms/Necromancy            3
   e - Animate Dead                   Necromancy                   4
   f - Control Undead                 Necromancy                   4
 y - a book of Conjurations

   Spells                             Type                      Level
   a - Magic Dart                     Conjuration                  1
   b - Searing Ray                    Conjuration                  2
   c - Dazzling Spray                 Conjuration/Hexes            3
   d - Fulminant Prism                Conjuration/Hexes            4
   e - Iskenderun's Mystic Blast      Conjuration                  4
   f - Iskenderun's Battlesphere      Conjuration/Charms           5


   Skills:
 + Level 0.3 Fighting
 - Level 1.0 Short Blades
 - Level 5.0 Dodging
 - Level 4.1 Stealth
 + Level 6.3 Spellcasting
 - Level 4.3 Necromancy


You had 10 spell levels left.
You knew the following spells:

 Your Spells              Type           Power        Failure   Level  Hunger
a - Pain                  Necr           ####         1%          1    None
b - Vampiric Draining     Necr           ####......   6%          3    #......
c - Control Undead        Necr           ####......   17%         4    ###....


Dungeon Overview and Level Annotations

Branches:
Dungeon (7/15)
 Temple: D:4-7

Altars:
Uskayaw
Xom
Zin

Shops:
D:7 [

Annotations:
D:7 Duvessa Ossuary Adahn's ghost, novice OgWr


Innate Abilities, Weirdness & Mutations

You heal slowly.
You have razor-sharp teeth.
You have supernaturally acute eyesight. (SInv)
You can survive without breathing.


Message History

The mummy is severely damaged.
The hobgoblin zombie barely misses you.
You hit the mummy.
The mummy is almost destroyed.
The mummy hits you.
You completely miss the mummy.
The mummy is almost destroyed.
Adahn's ghost stares at you. The mummy hits you.
You hit the mummy but do no damage.
The mummy is almost destroyed.
The wraith hits you.
You closely miss the mummy.
The mummy is almost destroyed.
The wraith hits you! The mummy hits you!
* * * LOW HITPOINT WARNING * * *
You hit the mummy.
You destroy the mummy!
The wraith hits you!
You die...

.......... .......
........# .......
##......# ......#
+...8...# ...8...
###......###^.....#
.........W.........
.........ZZ........
.#..#.#..#W#..#.#..
# #..#@#..# #
#..#?#..#
#..###..###..###
................
................
########'''####
##...## ##.....##
####.......###


You could see a wraith, Adahn's ghost, a hobgoblin zombie and a gnoll zombie.

Vanquished Creatures
  2 centaurs
  Dowan (D:7)
  A centaur zombie (D:7)
  A crimson imp (D:5)
  2 orc wizards (D:3)
  Crazy Yiuf (D:7)
  An orc priest (D:2)
  A human skeleton (D:7)
  3 iguanas
  A worker ant (D:4)
  A killer bee zombie (D:5)
  A mummy (Ossuary)
  A howler monkey zombie (D:5)
  4 adders
  An adder zombie (D:4)
  An adder skeleton (D:5)
  3 worms
  4 dart slugs
  4 leopard geckos
  16 orcs
  6 bats
  7 giant cockroaches
  4 goblins
  7 hobgoblins
  2 jackals (D:1)
  5 frilled lizards
  A goblin zombie (Ossuary)
  10 kobolds
  A kobold zombie (Ossuary)
  2 orc skeletons (D:7)
  6 rats
101 creatures vanquished.

Notes
Turn   | Place    | Note
-------+----------+-------------------------------------------
     0 | D:1      | FrankyJ the Vampire Necromancer began the quest for the Orb.
     0 | D:1      | Reached XP level 1. HP: 13/13 MP: 3/3
   206 | D:1      | Reached XP level 2. HP: 7/19 MP: 1/5
   619 | D:1      | Reached skill level 1 in Short Blades
  1249 | D:2      | Reached XP level 3. HP: 24/24 MP: 6/6
  1257 | D:2      | Learned a level 3 spell: Vampiric Draining
  1800 | D:3      | Reached XP level 4. HP: 15/30 MP: 8/8
  2123 | D:3      | Found a faded altar of an unknown god.
  2642 | D:3      | Found a glowing silver altar of Zin.
  2707 | D:3      | Reached skill level 3 in Spellcasting
  2995 | D:2      | Upgraded the game from 0.20-a0-16-g0876c8e to 0.20-a0-19-gd4fea00
  3590 | D:4      | Reached XP level 5. HP: 35/35 MP: 8/10
  4234 | D:4      | Noticed a phantom
  4462 | D:4      | Learned a level 4 spell: Control Undead
  4938 | D:4      | Got a spiked leather armour
  4949 | D:4      | Identified the +1 leather armour "Xollyrhi" {rElec rN+++ MP-9 Stlth-} (You found it on level 4 of the Dungeon)
  5039 | D:4      | Noticed a phantom
  5173 | D:4      | Found a hide-covered altar of Uskayaw.
  5280 | D:2      | Reached skill level 4 in Spellcasting
  5499 | D:3      | Reached XP level 6. HP: 35/41 MP: 9/12
  5779 | D:5      | Entered Level 5 of the Dungeon
  5792 | D:5      | Reached skill level 5 in Dodging
  6354 | D:5      | Found a shimmering altar of Xom.
  6354 | D:5      | Found a shimmering altar of Xom.
  6355 | D:5      | Found a shimmering altar of Xom.
  6390 | D:5      | Found a shimmering altar of Xom.
  6623 | D:5      | Reached skill level 5 in Spellcasting
  6696 | D:5      | You fall through a shaft for 2 floors!
  6711 | D:7      | Reached XP level 7. HP: 43/46 MP: 8/15
  6880 | D:7      | Found a runed door.
  6884 | D:7      | Noticed Crazy Yiuf
  6891 | D:7      | Killed Crazy Yiuf
  6980 | D:7      | Found Pisibo Ykai's Antique Armour Boutique.
  6980 | D:7      | Noticed Dowan
  6982 | D:7      | Noticed Duvessa
  6998 | D:7      | Killed Dowan
  6998 | D:7      | Reached skill level 6 in Spellcasting
  7210 | D:7      | Found a sand-covered staircase.
  7215 | Ossuary  | Entered an ossuary
  7215 | Ossuary  | Noticed a wraith
  7215 | Ossuary  | Noticed a wraith
  7215 | Ossuary  | Noticed a wraith
  7239 | Ossuary  | Noticed Adahn's ghost (novice OgWr)
  7252 | Ossuary  | Noticed a wraith
  7262 | Ossuary  | Slain by a wraith

Vault maps used:
D:1:      dpeg_arrival_three_smaller_balls, minivault_11,
          roderic_ancient_swastika
D:2:      minivault_26, corner_web_ring
D:3:      zin_statuary, ecumenical_altar_1
D:4:      eat_drink_and_be_merry_uskayaw, first_bread, nicolae_ru_path_of_blood,
          uniq_natasha
D:5:      xom_redecorated, gammafunk_temple_overflow_claw
D:7:      lemuel_round_altar, nemelex_xobeh_ov_fountains_minmay,
          nicolae_overflow_hidden_temple, serial_shops, shop,
          nicolae_shop_overgrown_old_shop, nicolae_ossuary_entry_catacombs,
          uniq_duvessa, uniq_prince_ribbit1, uniq_crazy_yiuf_cottage
Ossuary:  ossuary_kennysheep_city_of_the_dead

Skill      XL: |  1  2  3  4  5  6  7 |
---------------+----------------------+-----
Short Blades   | 1 |  1.0
Dodging        | 3 4 5 |  5.0
Stealth        | 4 |  4.1
Spellcasting   | 3 4 5 6 |  6.3
Fighting       | |  0.3
Necromancy     | |  4.3

Action                   |  1- 3 |  4- 6 |  7- 9 || total
-------------------------+-------+-------+-------++-------
Melee: Short sword       |   118 |   117 |    70 ||   305
       Bite              |    11 |    20 |     8 ||    39
 Cast: Pain              |    15 |    58 |    10 ||    83
       Vampiric Draining |     2 |    10 |     4 ||    16
       Control Undead    |       |     4 |       ||     4
Evoke: Wand              |       |       |     2 ||     2
  Use: Scroll            |     6 |     1 |     1 ||     8
       Potion            |     2 |     5 |     2 ||     9
 Stab: Sleeping          |     6 |     7 |     3 ||    16
  Eat: Corpse            |     1 |     5 |     1 ||     7
Armor: Robe              |    24 |    19 |     6 ||    49
Dodge: Dodged            |    95 |   104 |    63 ||   262
